 Dungeon Crawl Stone Soup version 0.20-a0-396-g1af7820 (webtiles) character file.

343 FitzyFitz the Slasher (level 6, -7/44 HPs)
             Began as a Frog Assassin on Jan 6, 2017.
             Mangled by an iguana (9 damage)
             ... on level 4 of the Dungeon.
             The game lasted 00:17:34 (4604 turns).

FitzyFitz the Slasher (Frog Assassin)               Turns: 4604, Time: 00:17:34

Health: -7/44      AC:  5    Str:  9    XL:     6   Next: 57%
Magic:  6/6        EV: 11    Int: 12    God:
Gold:   127        SH:  0    Dex: 12    Spells: 5/5 levels left

rFire  . . .     SeeInvis .     a - +1 long sword
rCold  . . .     Gourm    .     c - +0 robe
rNeg   . . .     Faith    .     (no shield)
rPois  .         Spirit   .     w - +0 helmet
rElec  .         Reflect  .     d - +0 cloak
rCorr  .         Harm     .     B - +0 pair of gloves
MR     .....                    (no boots)
Stlth  ++........               (no amulet)
                                (no ring)
                                (no ring)

@: can't hop, slow
A: swims, slowness 1, strong legs 1
a: Hop


You were on level 4 of the Dungeon.
You were not hungry.

You visited 1 branch of the dungeon, and saw 4 of its levels.

You collected 127 gold pieces.

Inventory:

Hand Weapons
 a - a +1 long sword (weapon)
 b - a +0 blowgun
 l - a +0 hunting sling
 q - a +0 short sword
 y - a +2 dagger
 z - a +1 morningstar of protection
Missiles
 e - 8 poisoned needles
 f - 2 curare-tipped needles
 h - 59 sling bullets
 i - 5 tomahawks (quivered)
 n - 152 stones
 A - 13 needles of sleeping
Armour
 c - a +0 robe (worn)
 d - a +0 cloak (worn)
 w - a +0 helmet (worn)
 B - a +0 pair of gloves (worn)
Scrolls
 j - a scroll of teleportation
 m - a scroll of enchant weapon
Potions
 o - a potion of brilliance
 p - 2 potions of haste {unknown}
 r - a potion of flight {unknown}
 u - a potion of agility {unknown}
 x - a potion of lignification {unknown}
 D - a potion of degeneration
 E - a potion of resistance
Comestibles
 g - 5 bread rations
 k - 2 meat rations
 t - a beef jerky


   Skills:
 - Level 2.1 Fighting
 - Level 3.7(5.1) Short Blades
 + Level 5.9(6.6) Long Blades
 - Level 1.7 Throwing
 - Level 1.0 Dodging
 - Level 4.0 Stealth


You had 5 spell levels left.
You didn't know any spells.

Dungeon Overview and Level Annotations

Branches:
Dungeon (4/15)
 Temple: D:4-7

Altars:
Dithmenos
Fedhas
Makhleb

Shops:
D:4 [

Annotations:
D:3 Jessica


Innate Abilities, Weirdness & Mutations

You can swim through water.
You cover ground slowly.
You can hop short distances.


Message History

The iguana bites you!
* * * LOW HITPOINT WARNING * * *
You closely miss the iguana.
The iguana is almost dead.
The iguana bites you.
* * * LOW HITPOINT WARNING * * *
You feel better. The iguana bites you!
* * * LOW HITPOINT WARNING * * *
Okay, then.
Unknown command.
You feel better.
The iguana bites you but does no damage.
You hit the iguana.
The iguana is almost dead.
The iguana bites you!
* * * LOW HITPOINT WARNING * * *
You hit the iguana but do no damage.
The iguana is almost dead.
The iguana bites you!
You die...

##.##.# #..#.# ##.#.#
#.#.# #...# ### ##..# #..
############### #..####..
#.............#####>...#..
#.......l@.........###.#..
#..................'...#..
#......<...........#####..
...............###.#####.[
.....................)['..
.............#.....#####..
...........##......# #..
..........#.#......# #..
##......##.#.......# #..


You could see an iguana.

Vanquished Creatures
  A scorpion (D:4)
  An orc priest (D:2)
  Ijyb (D:2)
  A hound zombie (D:3)
  A hound skeleton (D:3)
  3 worker ant zombies (D:3)
  6 adders
  A howler monkey skeleton (D:3)
  3 oozes
  3 worms
  A dart slug (D:2)
  A leopard gecko (D:4)
  7 orcs
  2 bats (D:1)
  8 giant cockroaches
  8 goblins
  12 hobgoblins
  2 jackals (D:3)
  6 quokkas
  4 frilled lizards
  5 kobolds
  A quokka zombie (D:3)
  11 rats
89 creatures vanquished.

Notes
Turn   | Place    | Note
-------+----------+-------------------------------------------
     0 | D:1      | FitzyFitz the Frog Assassin began the quest for the Orb.
     0 | D:1      | Reached XP level 1. HP: 16/16 MP: 1/1
   443 | D:1      | Reached XP level 2. HP: 22/22 MP: 2/2
   781 | D:1      | Reached XP level 3. HP: 27/27 MP: 3/3
  1199 | D:2      | Reached skill level 1 in Long Blades
  1373 | D:2      | Reached XP level 4. HP: 29/33 MP: 4/4
  1389 | D:2      | Reached skill level 2 in Long Blades
  2002 | D:2      | Reached skill level 3 in Long Blades
  2163 | D:2      | Found a burning altar of Makhleb.
  2676 | D:2      | Reached XP level 5. HP: 35/38 MP: 5/5
  2690 | D:3      | Noticed Ijyb
  2723 | D:2      | Killed Ijyb
  2723 | D:2      | Reached skill level 4 in Long Blades
  3489 | D:3      | Reached XP level 6. HP: 34/44 MP: 6/6
  3491 | D:3      | Reached skill level 5 in Long Blades
  3712 | D:3      | Noticed Jessica
  3869 | D:3      | Found a blossoming altar of Fedhas.
  3870 | D:3      | Found a shadowy altar of Dithmenos.
  3987 | D:4      | Found Fowiseip's Antique Armour Emporium.
  4394 | D:4      | Noticed a necrophage
  4601 | D:4      | HP: 2/44 [iguana (14)]
  4604 | D:4      | Mangled by an iguana

Vault maps used:
D:1:      minmay_arrival_widening_spiral_wide
D:2:      marbit_many_paths, minmay_bisected
D:3:      gammafunk_temple_overflow_pools, serial_undead, serial_undead_f,
          serial_undead_c, serial_undead_a, serial_undead_d, serial_undead_a,
          serial_undead_d, serial_undead_d, first_bread,
          minmay_misc_feat_four_crosses, guppyfry_early_lair_pool, uniq_iyjb,
          uniq_jessica
D:4:      minmay_diamond_boxcup, serial_shops, shop,
          minmay_misc_feat_secret_circle, minmay_strange_pillars

Skill      XL: |  1  2  3  4  5  6 |
---------------+-------------------+-----
Short Blades   | 3 |  3.7
Long Blades    | 1 3 4 5 |  5.9
Fighting       | |  2.1
Throwing       | |  1.7
Dodging        | |  1.0
Stealth        | |  4.0

Action                   |  1- 3 |  4- 6 || total
-------------------------+-------+-------++-------
Melee: Dagger            |    59 |       ||    59
       Long sword        |    20 |   211 ||   231
 Fire: Blowgun           |    13 |     6 ||    19
       Hunting sling     |       |    35 ||    35
Throw: Stone             |       |     2 ||     2
 Abil: Hop               |     2 |     1 ||     3
  Use: Scroll            |       |     9 ||     9
       Potion            |       |     4 ||     4
 Stab: Sleeping          |     5 |     6 ||    11
  Eat: Chunk             |     2 |     8 ||    10
       Meat ration       |       |     1 ||     1
       Royal jelly       |       |     1 ||     1
Armor: Robe              |    23 |    58 ||    81
Dodge: Dodged            |    44 |   125 ||   169
       Rpst.: Long sword |     7 |    37 ||    44
